 Dungeon Crawl Stone Soup version bcrawl-1.39.1 (webtiles) character file.

Game seed: 4137093707366271907

544429 Galewind the Scorcher (level 15, -3/88 HPs)
             Began as an Avariel Fire Elementalist on July 7, 2023.
             Was an Elder of Vehumet.
             Slain by a +5 long sword (14 damage)
             ... on level 10 of the Dungeon on July 9, 2023.
             The game lasted 00:35:39 (19230 turns).

Galewind the Scorcher (Avariel Fire Elementalist)  Turns: 19230, Time: 00:35:39

Health: -3/88      AC:  8    Str: 19    XL:     15   Next: 50%
Magic:  20/36      EV: 27    Int: 31    God:    Vehumet [****..]
Gold:   1744       SH:  0    Dex: 16    Spells: 15/44 levels left

rFire    + . .     GDR:     30% L - +9 dagger "Luufaa" {pain, Str+3 Int+3}
rCold    x . .     SeeInvis .   (no shield)
rNeg     . . .     Gourm    +   H - +2 robe {RegenMP}
rPois    .         Faith    .   (no helmet)
rElec    +         Spirit   .   E - +1 cloak
rCorr    .         Reflect  .   Z - +0 pair of gloves
MR       +....                  n - +0 pair of boots
Stlth    +.........             Q - amulet "Noqiynk" {Gourm rElec Str+6 Dex+3}
HPRegen  0.24/turn              h - +4 ring of evasion
MPRegen  0.50/turn              k - ring "Ofulesah" {Fire Str+4}

@: confused, about to teleport, flying quickly and evasively, quick
A: able to fly
a: Stop Flying, Renounce Religion


You were on level 10 of the Dungeon.
You worshipped Vehumet.
Vehumet was greatly pleased with you.
You were very hungry.

You visited 5 branches of the dungeon, and saw 20 of its levels.
You also visited: Sewer and Ice Cave.

You collected 1856 gold pieces.
You spent 112 gold pieces at shops.

Inventory:

Hand Weapons
 L - the +9 dagger "Luufaa" (weapon) {pain, Str+3 Int+3}
   (You found it on level 9 of the Dungeon)

   In the hands of one skilled in necromantic magic, it inflicts extra damage on
   living creatures.
   It affects your strength (+3).
   It affects your intelligence (+3).
Armour
 n - a +0 pair of boots (worn)
 E - a +1 cloak (worn)
 H - a +2 robe of magic recovery (worn)
 Z - a +0 pair of gloves (worn)
Jewellery
 h - a +4 ring of evasion (left hand)
 k - the ring "Ofulesah" (right hand) {Fire Str+4}
   (You found it on level 1 of the Dungeon)

   [ring of fire]

   It enhances your fire magic.
   It affects your strength (+4).
   It protects you from fire.
   It makes you vulnerable to cold.
 m - an uncursed ring of see invisible
 C - an uncursed ring of insulation
 K - an uncursed ring of protection from fire
 N - an uncursed ring of protection from magic
 Q - the amulet "Noqiynk" (around neck) {Gourm rElec Str+6 Dex+3}
   (You found it on level 6 of the Lair of Beasts)

   [amulet of the gourmand]

   It allows you to eat raw meat even when not hungry.
   It affects your strength (+6).
   It affects your dexterity (+3).
   It insulates you from electricity.
Wands
 a - a wand of acid (32)
 b - a wand of polymorph (7)
 o - a wand of digging (2)
 F - a wand of random effects (8)
 G - a wand of flame (11)
 P - a wand of scattershot (9)
 S - a wand of charming (9)
Scrolls
 c - 5 scrolls of immolation
 g - 11 scrolls of teleportation
 i - a scroll of identify
 j - 7 scrolls of remove curse
 l - 6 scrolls of enchant armour
 p - 7 scrolls of fear
 t - 6 scrolls of blinking
 w - 4 scrolls of revelation
 x - 4 scrolls of amnesia
 I - 2 scrolls of fog
 J - 3 scrolls of vulnerability
 M - 2 scrolls of torment
 R - a scroll of enchant weapon
Potions
 f - a potion of resistance
 q - 3 potions of brilliance
 r - a potion of flight
 s - a potion of agility
 u - a potion of ambrosia
 v - 10 potions of curing
 y - 2 potions of mutation
 z - a potion of lignification
 A - 2 potions of might
 B - 5 potions of heal wounds {unknown}
 D - 4 potions of haste
 O - a potion of magic {unknown}
 V - a potion of invisibility
Miscellaneous
 U - a phantom mirror
 X - a lightning rod (4/4)
Comestibles
 d - 7 chunks of flesh
 e - 20 rations {!d}


   Skills:
 - Level 8.0 Fighting
 - Level 3.0 Armour
 - Level 10.0 Dodging
 - Level 2.4 Stealth
 + Level 15.2 Spellcasting
 + Level 16.2 Conjurations
 + Level 16.3 Fire Magic


You had 15 spell levels left.
You knew the following spells:

 Your Spells              Type           Power        Failure   Level  Hunger
a - Bolt of Fire          Conj/Fire      ########..   1%          6    ###....
b - Sticky Flame          Conj/Fire      ########     0%          4    None
c - Fireball              Conj/Fire      ########..   1%          5    None
d - Magic Dart            Conj           ####         0%          1    None
e - Bolt of Magma         Conj/Fire/Erth #######...   1%          5    None
f - Flame Tongue          Conj/Fire      #####        0%          1    None
g - Orb of Destruction    Conj           #######...   1%          7    ####...

Your spell library contained the following spells:

 Spells                   Type           Power        Failure   Level  Hunger
 Conjure Flame            Conj/Fire      ########     0%          3    None
 Slow                     Hex            ###.....     1%          1    None
 Static Discharge         Air            ###...       1%          1    None
 Flaming Arrows           Chrm/Fire      #######.     1%          2    None
 Shock                    Conj/Air       ######.      1%          2    None
 Dazzling Orbs            Conj/Hex       ######.      1%          3    None
 Inner Flame              Hex/Fire       N/A          1%          3    None
 Mephitic Cloud           Conj/Pois/Air  ######..     1%          3    None
 Lightning Bolt           Conj/Air       ######..     1%          4    None
 Bolt of Draining         Conj/Necr      ######....   1%          5    None
 Iskenderun's Battlesphe  Conj/Chrm      ######..     1%          5    None
 Steam Barrier            Chrm/Fire      #######...   1%          5    None
 Blink                    Tloc           N/A          3%          2    None
 Call Imp                 Summ           ###...       3%          2    None
 Ensorcelled Hibernation  Hex/Ice        ###...       3%          2    None
 Swiftness                Chrm/Air       ###.....     3%          2    None
 Bolt of Cold             Conj/Ice       ######....   3%          6    ###....
 Iron Shot                Conj/Erth      ######....   3%          6    ###....
 Poison Arrow             Conj/Pois      ######....   3%          6    ###....
 Confuse                  Hex            ###.....     6%          3    None
 Recall                   Summ/Tloc      N/A          6%          3    None
 Spider Form              Tmut/Pois      ###          6%          3    None
 Tukima's Dance           Hex            ###.....     6%          3    None
 Cause Fear               Hex            ###.......   19%         4    None
 Piercing Shot            Chrm           ###.......   47%         5    None
 Summon Demon             Summ           ###.......   47%         5    None
 Summon Forest            Summ/Tloc      ###.......   47%         5    None
 Summon Mana Viper        Hex/Summ       ###.....     47%         5    None
 Aura of Abjuration       Summ           ###.......   96%         6    ###....
 Shadow Creatures         Summ           N/A          100%        7    ####...
 Time Stop                Chrm/Tloc      N/A          100%        8    ######.


Dungeon Overview and Level Annotations

Branches:
Dungeon (11/12)            Temple (1/1) D:4            Lair (6/6) D:8
  Swamp (0/3) Lair:3       Spider (0/3) Lair:2        Slime (0/5) Orc
    Orc (1/1) D:9             Elf (1/3) Lair:6
 Vaults: D:11-12

Altars:
Ashenzari
Cheibriados
Dithmenos
Elyvilon
Fedhas
Gozag
Hepliaklqana
Kikubaaqudgha
Lugonu
Makhleb
Nemelex Xobeh
Okawaru
Qazlal
Ru
Sif Muna
Trog
Uskayaw
Vehumet
Wu Jian
Xom
Yredelemnul
Zin
The Shining One
Jiyva

Shops:
D:5 (   D:7 (   Orc *((!

Annotations:
D:9 3 runed translucent doors
Lair:1 1 runed translucent door, Cris's ghost, journeyman GnCj


Innate Abilities, Weirdness & Mutations

You can fly continuously.


Message History

Unknown command.
As you read the scroll of teleportation, it crumbles to dust.
You feel strangely unstable. The +5 long sword hits you.
The +6 long sword hits you. The +5 long sword hits you!
The +6 long sword hits you!
The +5 long sword hits you but does no damage.
The +5 long sword hits you. The +6 long sword hits you!
* * * LOW HITPOINT WARNING * * *
Your surroundings suddenly seem different.
You see here 107 stones.
As you read the scroll of teleportation, it crumbles to dust.
You feel strangely unstable. The +5 long sword closely misses you.
The +5 long sword hits you!
* * * LOW HITPOINT WARNING * * *
You see here a book of Bombardment.
You are confused.
You feel invigorated. The +5 long sword hits you!
You die...

.##....##...##.>.#
.......'.........#
.##....#.........#
.##....#.........#
.########.....[.(#
.##>.(.##........#
.....(.......(...#
........)...##.(.#
.......####+##..@#
.......##...##...#
.##..........#...#
.##..........#<<.#
.............#...#
.............#).(#
............##.[)#
............##)..#
.##....##...##)).#


You could see 2 dancing weapons.

Vanquished Creatures
  Snorg (Lair:6)
  Azrael (D:9)
  Josephine (D:10)
  3 hydras
  An alligator (Lair:6)
  8 two-headed ogres
  3 death yaks (Lair:3)
  Sonja (D:10)
  3 centaur warriors
  2 goliath frogs
  4 lindwurms (Lair:6)
  3 orc knights (Orc)
  2 cyclopes
  2 ugly things
  A necromancer (IceCv)
  A manticore (D:11)
  An orc sorcerer (Orc)
  3 deep elf magi (Elf:1)
  7 oklob plants
  An elephant (D:8)
  2 ice statues (IceCv)
  3 black mambas
  25 cane toads
  4 torpor snails (Lair:3)
  2 kobold demonologists
  6 rime drakes
  A tengu conjurer (D:10)
  13 ice devils (IceCv)
  9 komodo dragons
  A queen bee (Lair:3)
  4 tyrant leeches (Lair:6)
  Grinder (D:3)
  3 trolls
  A hornet (D:9)
  20 blink frogs
  2 polar bears
  7 hippogriffs
  Grum (Lair:6)
  A tarantella (Lair:2)
  2 wyverns
  34 yaks
  4 wraiths
  6 basilisks
  2 fire elementals (D:9)
  7 vampire mosquitoes
  Eustachio (D:4)
  A hungry ghost (D:7)
  A warg (Orc)
  2 swamp worms (Lair:3)
  3 steam dragons
  11 crocodiles
  A two-headed ogre zombie (D:9)
  An acid dragon (Lair:4)
  3 water moccasins
  3 hell hounds
  14 porcupines
  Duvessa (D:6)
  2 sky beasts
  A necrophage (D:6)
  7 ogres
  4 ice beasts
  29 orc warriors
  7 phantoms
  9 wolves
  22 bullfrogs
  2 kobold brigands
  Blork the orc (D:4)
  Dowan (D:6)
  17 centaurs
  A wyvern skeleton (D:10)
  A hornet simulacrum (D:9)
  2 troll zombies (D:9)
  15 killer bees (Lair:3)
  7 wights
  4 howler monkeys
  6 orc priests
  An electric eel (Lair:6)
  2 draconian simulacra (IceCv)
  4 crimson imps
  4 hounds
  2 bullfrog zombies
  7 jellies
  3 bullfrog skeletons
  2 iguanas
  Ijyb (D:5)
  Natasha (D:4)
  6 orc wizards
  5 troll simulacra (IceCv)
  7 worker ants
  5 ogre zombies (D:9)
  A hound zombie (D:5)
  2 hound skeletons
  A howler monkey zombie (D:5)
  3 gnolls (D:7)
  10 adders
  3 naga simulacra (IceCv)
  2 shadow imps
  12 oozes (Lair:1)
  3 adder skeletons (D:4)
  4 adder zombies
  A worm (D:3)
  3 dart slugs
  8 leopard geckos
  58 orcs
  6 bats
  A giant cockroach (D:5)
  10 goblins
  11 hobgoblins
  4 jackals
  22 kobolds
  4 quokkas
  2 frilled lizards
  A goblin skeleton (D:9)
  A goblin zombie (D:9)
  A hobgoblin skeleton (D:9)
  3 hobgoblin zombies (D:9)
  3 orc skeletons (D:9)
  16 orc zombies (D:9)
  11 rats
  5 fungi
  11 plants
663 creatures vanquished.

Vanquished Creatures (others)
  A centaur warrior (D:9)
  A water moccasin (D:9)
  An ice beast (D:9)
  A bullfrog (D:9)
  An orc (D:7)
  14 fungi
  51 plants
70 creatures vanquished.

Grand Total: 733 creatures vanquished

Notes
Turn   | Place    | Note
-------+----------+-------------------------------------------
     0 | D:1      | Galewind the Avariel Fire Elementalist began the quest for
                  | the Orb.
     0 | D:1      | Reached XP level 1. HP: 10/10 MP: 6/6
   110 | D:1      | Reached XP level 2. HP: 15/15 MP: 5/8
   300 | D:1      | Got a smoking bronze ring
   308 | D:1      | Identified the cursed ring "Ofulesah" {Fire Str+4} (You
                  | found it on level 1 of the Dungeon)
   770 | D:2      | Reached XP level 3. HP: 19/19 MP: 1/9
  1466 | D:3      | Reached skill level 1 in Fighting
  1466 | D:3      | Reached XP level 4. HP: 25/25 MP: 6/11
  1568 | D:3      | Learned a level 4 spell: Sticky Flame
  1802 | D:3      | Noticed Grinder
  1810 | D:3      | Killed Grinder
  1811 | D:3      | Reached XP level 5. HP: 15/30 MP: 4/13
  1811 | D:3      | Reached XP level 6. HP: 17/35 MP: 4/14
  2614 | D:4      | Found a staircase to the Ecumenical Temple.
  2615 | D:4      | Noticed Blork the orc
  2706 | D:4      | Noticed an orc warrior
  2716 | D:4      | Killed an orc warrior
  2717 | D:4      | Reached XP level 7. HP: 40/40 MP: 3/16
  2785 | D:4      | Noticed Eustachio
  2795 | D:4      | Killed Eustachio
  2796 | D:4      | Reached skill level 5 in Spellcasting
  2852 | D:4      | Found a shimmering altar of Xom.
  2918 | D:4      | Noticed Natasha
  2922 | D:4      | Killed Natasha
  2923 | D:4      | Reached skill level 5 in Fire Magic
  3008 | D:4      | Killed Blork the orc
  3039 | Temple   | Entered the Ecumenical Temple
  3258 | Temple   | Became a worshipper of Vehumet
  3543 | D:5      | Entered Level 5 of the Dungeon
  3642 | D:4      | Reached skill level 5 in Dodging
  3642 | D:4      | Reached skill level 5 in Conjurations
  3642 | D:4      | Reached XP level 8. HP: 43/46 MP: 1/18
  3728 | D:5      | Learned a level 5 spell: Fireball
  3924 | D:5      | Found Xuicazen's Antique Weapon Shop.
  3946 | D:5      | Found a glowing drain.
  3959 | Sewer    | Entered a sewer
  3961 | Sewer    | Reached * piety under Vehumet
  3961 | Sewer    | Offered knowledge of Sting by Vehumet.
  4098 | Sewer    | Found a white marble altar of Elyvilon.
  4245 | D:5      | Noticed Ijyb
  4380 | D:5      | Found a shimmering blue altar of Sif Muna.
  4600 | D:5      | Learned a level 1 spell: Magic Dart
  4974 | D:5      | Killed Ijyb
  5213 | D:6      | Gained mutation: You can fly continuously. [Avariel growth]
  5213 | D:6      | Reached XP level 9. HP: 50/51 MP: 7/21
  5391 | D:6      | Noticed Duvessa
  5392 | D:6      | Noticed Dowan
  5393 | D:6      | Killed Duvessa
  5393 | D:6      | Killed Dowan
  5975 | D:7      | Found Foex's Weapon Boutique.
  6066 | D:7      | Reached ** piety under Vehumet
  6066 | D:7      | Offered knowledge of Searing Ray by Vehumet.
  6617 | D:7      | Found a radiant altar of Vehumet.
  6672 | D:7      | Reached XP level 10. HP: 54/56 MP: 8/25
  7011 | D:7      | Found a stormy altar of Qazlal.
  7233 | D:8      | Found a staircase to the Lair.
  7233 | D:8      | Noticed an elephant
  7237 | D:8      | Killed an elephant
  7238 | D:8      | Reached skill level 10 in Conjurations
  7363 | D:8      | Noticed a two-headed ogre
  7369 | D:7      | Reached skill level 10 in Spellcasting
  7386 | D:8      | Offered knowledge of Throw Frost by Vehumet.
  7393 | D:8      | Killed a two-headed ogre
  7568 | D:8      | Noticed a two-headed ogre
  7573 | D:8      | Killed a two-headed ogre
  7671 | D:8      | Reached *** piety under Vehumet
  8155 | D:9      | Noticed a centaur warrior
  8159 | D:9      | Killed a centaur warrior
  8160 | D:9      | Reached XP level 11. HP: 54/60 MP: 14/28
  8258 | D:9      | Upgraded the game from bcrawl-1.39 to bcrawl-1.39.1
  8299 | D:9      | Offered knowledge of Fulminant Prism by Vehumet.
  8443 | D:9      | Noticed a two-headed ogre
  8449 | D:9      | Killed a two-headed ogre
  8538 | D:9      | Noticed a two-headed ogre
  8544 | D:9      | Killed a two-headed ogre
  8545 | D:9      | Reached skill level 10 in Fire Magic
  8613 | D:9      | Noticed a cyclops
  8615 | D:9      | Killed a cyclops
  8619 | D:9      | Noticed a red ugly thing
  8632 | D:9      | Killed a red ugly thing
  8632 | D:9      | Reached **** piety under Vehumet
  8753 | D:9      | Found a staircase to the Orcish Mines.
  8778 | D:9      | Offered knowledge of Bolt of Magma by Vehumet.
  8850 | D:9      | Learned a level 5 spell: Bolt of Magma
  8874 | D:9      | Noticed a centaur warrior
  8877 | D:9      | Killed a centaur warrior
  9179 | D:9      | Got a transparent dagger
  9292 | D:9      | Found a runed translucent door.
  9293 | D:9      | Noticed a skeletal warrior
  9294 | D:9      | Found a runed translucent door.
  9294 | D:9      | Noticed a red ugly thing
  9295 | D:9      | Noticed a centaur warrior
  9304 | D:9      | Found a runed translucent door.
  9312 | D:9      | Got an encrusted dire flail
  9468 | D:9      | Killed a centaur warrior
  9548 | D:9      | Found a blossoming altar of Fedhas.
  9688 | Lair:1   | Entered Level 1 of the Lair of Beasts
  9694 | Lair:1   | Reached XP level 12. HP: 66/66 MP: 17/30
  9762 | Lair:1   | Found a runed translucent door.
  9762 | Lair:1   | Found a shimmering altar of Xom.
  9762 | Lair:1   | Noticed Cris's ghost (journeyman GnCj)
 10102 | Lair:1   | Noticed a four-headed hydra
 10105 | Lair:1   | Killed a four-headed hydra
 10202 | Lair:1   | Found a snail-covered altar of Cheibriados.
 10662 | Lair:1   | Reached ***** piety under Vehumet
 10693 | Lair:1   | Offered knowledge of Iron Shot by Vehumet.
 11243 | Lair:2   | Identified the +9 dagger "Luufaa" {pain, Str+3 Int+3} (You
                  | found it on level 9 of the Dungeon)
 11246 | Lair:2   | Identified the +10 dire flail of Eseonn {chaos, rF+} (You
                  | found it on level 9 of the Dungeon)
 11359 | Lair:2   | Found a hole to the Spider Nest.
 11425 | Lair:2   | Found a frozen archway.
 11487 | IceCv    | Entered an ice cave
 11502 | IceCv    | Reached skill level 10 in Dodging
 11741 | IceCv    | Reached skill level 5 in Fighting
 11848 | IceCv    | Reached XP level 13. HP: 66/72 MP: 26/31
 11896 | IceCv    | Identified the +8 dagger of Resourcefulness {flame,
                  | *Corrode rC+ MR+ Dex+4}
 12084 | Lair:2   | Found a glowing silver altar of Zin.
 12693 | Lair:3   | Found a staircase to the Swamp.
 12948 | Lair:3   | Found a snail-covered altar of Cheibriados.
 13559 | Lair:4   | Reached skill level 15 in Conjurations
 13852 | Lair:4   | Got a twisted flail
 13896 | Lair:4   | Offered knowledge of Venom Bolt by Vehumet.
 14512 | Lair:4   | Identified the +5 flail "Hydrabane" {drain, rPois rN+ MR+}
                  | (You found it on level 4 of the Lair of Beasts)
 14644 | Lair:5   | Reached XP level 14. HP: 78/78 MP: 23/34
 15041 | Lair:5   | Reached skill level 15 in Spellcasting
 15683 | Lair:6   | Entered Level 6 of the Lair of Beasts
 16152 | Lair:6   | Got a flickering ruby amulet
 16301 | Lair:6   | Noticed Snorg
 16305 | Lair:6   | Killed Snorg
 16305 | Lair:6   | Offered knowledge of Bolt of Fire by Vehumet.
 16417 | Lair:6   | Learned a level 6 spell: Bolt of Fire
 16540 | Lair:6   | Identified the amulet "Noqiynk" {Gourm rElec Str+6 Dex+3}
                  | (You found it on level 6 of the Lair of Beasts)
 16569 | Lair:6   | Noticed Grum
 16571 | Lair:6   | Killed Grum
 16967 | Lair:6   | Found a staircase to the Elven Halls.
 17083 | Elf:1    | Entered Level 1 of the Elven Halls
 17087 | Elf:1    | Reached skill level 15 in Fire Magic
 17091 | Elf:1    | Reached XP level 15. HP: 88/88 MP: 16/36
 17250 | Orc      | Entered the Orcish Mines
 17633 | Orc      | Found a staircase to the Slime Pits.
 17633 | Orc      | Found a viscous altar of Jiyva.
 17640 | Orc      | Noticed Azrael
 17666 | Orc      | Found Ishua's Weapon Shop.
 17666 | Orc      | Found Raler's Weapon Emporium.
 17666 | Orc      | Found Hitifil's General Store.
 17669 | Orc      | Found Emanes's Distillery.
 17819 | D:9      | Killed Azrael
 17912 | Orc      | Reached skill level 1 in Armour
 17983 | Orc      | Bought a potion of flight for 48 gold pieces
 17988 | Orc      | Bought a scroll of identify for 32 gold pieces
 17988 | Orc      | Bought a scroll of identify for 32 gold pieces
 18168 | Orc      | Offered knowledge of Orb of Destruction by Vehumet.
 18518 | D:10     | Entered Level 10 of the Dungeon
 18532 | D:10     | Learned a level 7 spell: Orb of Destruction
 18672 | D:10     | Noticed Sonja
 18673 | D:10     | Killed Sonja
 18834 | D:10     | Noticed Josephine
 18840 | D:10     | Killed Josephine
 19229 | D:10     | HP: 4/88 [+5 long sword (12)]
 19230 | D:10     | Slain by a +5 long sword

Skill      XL: |  1  2  3  4  5  6  7  8  9 10 11 12 13 14 15 |
---------------+----------------------------------------------+-----
Spellcasting   | 3 4 5 6 9 11 12 14 15 | 15.2
Conjurations   | 2 3 4 5 6 9 11 13 15 16 | 16.2
Fighting       | 1 2 3 5 8 |  8.0
Dodging        | 3 4 5 6 10 | 10.0
Fire Magic     | 4 5 6 8 9 11 13 15 16 | 16.3
Armour         | 3 |  3.0
Stealth        | |  2.4

Action                   |  1- 3 |  4- 6 |  7- 9 | 10-12 | 13-15 || total
-------------------------+-------+-------+-------+-------+-------++-------
Melee: Unarmed           |     4 |       |     8 |     4 |       ||    16
       Dagger            |       |       |       |    37 |     8 ||    45
 Cast: Flame Tongue      |    68 |    68 |   188 |    48 |       ||   372
       Sticky Flame      |       |     6 |    26 |    30 |    26 ||    88
       Fireball          |       |       |    22 |   174 |   374 ||   570
       Magic Dart        |       |       |     4 |     8 |     8 ||    20
       Bolt of Magma     |       |       |       |       |    15 ||    15
       Bolt of Fire      |       |       |       |       |     4 ||     4
Evoke: Wand              |       |       |     4 |    12 |     9 ||    25
       Phantom mirror    |       |       |       |       |     1 ||     1
  Use: Scroll            |       |     5 |     1 |     6 |    14 ||    26
       Potion            |       |       |       |       |     1 ||     1
  Eat: Chunk             |     3 |     5 |    18 |    16 |    19 ||    61
       Ration            |       |       |     2 |     5 |     2 ||     9
Armor: Robe              |     3 |     4 |     6 |     7 |     9 ||    29
       Skin              |       |       |     4 |       |       ||     4
Dodge: Dodged            |    25 |    12 |    88 |    76 |   143 ||   344
Block: Other             |     3 |     4 |    19 |    23 |     8 ||    57
       Reflection        |       |       |     2 |     2 |       ||     4
